 Dungeon Crawl Stone Soup version 0.29.1-1-gd02db6906a (webtiles) character file.

Game seed: 1689855042079937914

1803 boopmooplesden the Cleaver (level 8, -9/71 HPs)
             Began as a Minotaur Fighter on Oct 7, 2022.
             Was a Follower of Okawaru.
             Mangled by an ogre
             ... wielding a +0 giant spiked club
              (17 damage)
             ... on level 7 of the Dungeon.
             The game lasted 00:10:49 (7858 turns).

boopmooplesden the Cleaver (Minotaur Fighter)       Turns: 7858, Time: 00:10:50

Health: -9/71      AC: 13    Str: 24    XL:     8   Next: 83%
Magic:  7/7        EV:  9    Int:  5    God:    Okawaru [*.....]
Gold:   338        SH:  5    Dex: 13    Spells: 7/7 levels left

rFire   . . .      SeeInvis .   a - +0 war axe
rCold   . . .      Faith    .   c - +0 buckler
rNeg    + . .      Spirit   .   B - +0 chain mail
rPois   +          Reflect  .   q - +1 hat "Feaf" {rElec rPois Will+ Str-2}
rElec   +          Harm     .   (no cloak)
rCorr   .          Rampage  .   u - +0 pair of gloves
Will    +....                   (no boots)
Stlth   ..........              (no amulet)
HPRegen 0.21/turn               m - ring of positive energy
MPRegen 0.10/turn               w - +6 ring of strength

@: no status effects
A: horns 2, retaliatory headbutt
a: Renounce Religion, Heroism


You were on level 7 of the Dungeon.
You worshipped Okawaru.
Okawaru was aware of your devotion.
You visited 2 branches of the dungeon, and saw 8 of its levels.

You collected 338 gold pieces.

Inventory:

Hand Weapons
 a - a +0 war axe (weapon)
Missiles
 n - 2 throwing nets (quivered)
Armour
 c - a +0 buckler (worn)
 q - the +1 hat "Feaf" (worn) {rElec rPois Will+ Str-2}
   (You acquired it on level 6 of the Dungeon)

   Str:       It affects your strength (-2).
   rElec:     It insulates you from electricity.
   rPois:     It protects you from poison.
   Will:      It increases your willpower.
 u - a +0 pair of gloves (worn)
 v - a +3 leather armour of cold resistance
 B - a +0 chain mail (worn)
 G - +0 steam dragon scales
Jewellery
 d - a ring of resist corrosion
 m - a ring of positive energy (left hand)
 s - a ring of ice
 w - a +6 ring of strength (right hand)
 x - a ring of magical power
 y - a ring of poison resistance
 E - an amulet of guardian spirit
Wands
 b - a wand of roots (5)
 C - a wand of paralysis (3)
 F - a wand of digging (3)
Scrolls
 h - 2 scrolls of amnesia
 j - 2 scrolls of teleportation
 k - 2 scrolls of noise
 o - 2 scrolls of vulnerability
 D - a scroll of immolation {unknown}
Potions
 e - 2 potions of curing
 f - a potion of magic {unknown}
 g - a potion of ambrosia {unknown}
 i - 2 potions of attraction
 l - 4 potions of mutation
 p - a potion of cancellation {unknown}
 r - 2 potions of degeneration {unknown}
 t - a potion of heal wounds
 z - 2 potions of might
 A - a potion of brilliance {unknown}


   Skills:
 + Level 6.3 Fighting
 + Level 8.8 Axes
 + Level 8.2 Armour
 + Level 3.0 Dodging
 + Level 1.6 Stealth
 + Level 5.3 Shields


You had 7 spell levels left.
You didn't know any spells.
Your spell library contained the following spells:

 Spells                   Type           Power      Damage    Failure   Level
 Apportation              Tloc           0%         N/A       99%         1
 Necrotise                Necr           0%         1d4       99%         1
 Ignite Poison            Fire/Tmut/Pois 0%         N/A       100%        3
 Mephitic Cloud           Conj/Pois/Air  0%         N/A       100%        3
 Freezing Cloud           Conj/Ice/Air   0%         6-21      100%        5
 Summon Small Mammal      Summ           Unusable   N/A       N/A         1

Dungeon Overview and Level Annotations

Branches:
Dungeon (7/15)             Temple (1/1) D:5

Altars:
Ashenzari
Cheibriados
Fedhas
Nemelex Xobeh
Okawaru
Qazlal
Sif Muna
Uskayaw
Wu Jian
The Shining One

Shops:
D:2 =   D:7 ([!


Innate Abilities, Weirdness & Mutations

You have a pair of horns on your head.
You reflexively headbutt those who attack you in melee.


Message History

You hear a shout!
You barely miss the steam dragon.
The steam dragon is almost dead.
The steam dragon bites you. The steam dragon barely misses you.
You hit the steam dragon.
You kill the steam dragon!
Okawaru accepts your kill.
You can now gain great but temporary skills.
The steam dragon scales are intact enough to wear.
Your Armour skill increases to level 8!
Your Dodging skill increases to level 3!
Things that are here:
+0 steam dragon scales; a steam dragon corpse G - +0 steam dragon scales You now have 338 gold pieces (gained 17).
There is an entrance to Nitaxac's Weapon Shoppe here.
There is an entrance to Nitaxac's Weapon Shoppe here.
You can access your shopping list by pressing '$'.
Found Aghiph's Antique Armour Shoppe.
Found a stone staircase leading down.
An ogre comes into view. It is wielding a +0 giant spiked club.
Found a stone staircase leading up.
You hit the ogre. You headbutt the ogre.
The ogre is moderately wounded.
The ogre hits you with a +0 giant spiked club!!
You barely miss the ogre. Your headbutt misses the ogre.
The ogre is moderately wounded.
The ogre hits you but does no damage.
You hit the ogre.
The ogre is heavily wounded.
The ogre hits you with a +0 giant spiked club!!
You hit the ogre.
The ogre is heavily wounded.
You slash the ogre!
The ogre is almost dead.
The ogre hits you with a +0 giant spiked club!!
* * * LOW HITPOINT WARNING * * *
You barely miss the ogre.
The ogre is almost dead.
The ogre hits you with a +0 giant spiked club!
You die...

#....#
#....#
#...∩#
#....#
#.#### #.#
####
#.##....8
#........
#@....<..
#O.......
....∩....
........##
#...>....#
#......###
##8....#
......#


You could see an ogre.

Vanquished Creatures
  Eustachio (D:6)
  2 steam dragons
  An ice beast (D:6)
  An orc warrior (D:6)
  2 ogres (D:5)
  3 necrophages (D:6)
  A bullfrog (D:6)
  8 wights (D:7)
  2 hounds (D:5)
  3 iguanas
  An orc wizard (D:6)
  A mummy (D:5)
  7 gnolls (D:5)
  5 adders
  3 ufetubi
  A dart slug (D:1)
  A worm (D:2)
  14 orcs
  6 ball pythons
  4 endoplasms
  3 giant cockroaches
  10 goblins
  2 hobgoblins
  6 jackals
  2 quokkas (D:1)
  6 bats
  4 frilled lizards
  8 kobolds
  4 rats
112 creatures vanquished.

Vanquished Creatures (others)
  A plant (D:1)
1 creature vanquished.

Grand Total: 113 creatures vanquished

Notes
Turn   | Place    | Note
-------+----------+-------------------------------------------
     0 | D:1      | boopmooplesden the Minotaur Fighter began the quest for the
                  | Orb.
     0 | D:1      | Reached XP level 1. HP: 19/19 MP: 0/0
   213 | D:1      | Reached XP level 2. HP: 23/27 MP: 1/1
   325 | D:1      | Found a faded altar of an unknown god.
   570 | D:1      | Reached XP level 3. HP: 5/33 MP: 2/2
  2033 | D:2      | Reached XP level 4. HP: 40/40 MP: 3/3
  2057 | D:2      | Found Rytafit's Jewellery Shop.
  2846 | D:3      | Found a hide-covered altar of Uskayaw.
  3021 | D:3      | Found a stormy altar of Qazlal.
  3874 | D:5      | Entered Level 5 of the Dungeon
  3957 | D:5      | Found a snail-covered altar of Cheibriados.
  3963 | D:5      | Reached skill level 5 in Armour
  3963 | D:5      | Reached XP level 5. HP: 47/47 MP: 4/4
  3988 | D:5      | Noticed an ogre
  4000 | D:5      | Reached skill level 1 in Dodging
  4001 | D:5      | Killed an ogre
  4001 | D:5      | HP: 2/47 [gnoll/+0 spear (3)]
  4002 | D:5      | Reached skill level 1 in Stealth
  4002 | D:5      | Reached XP level 6. HP: 2/53 MP: 5/5
  4476 | D:5      | Noticed a steam dragon
  4481 | D:5      | Reached skill level 5 in Axes
  4493 | D:5      | Killed a steam dragon
  4494 | D:5      | Reached XP level 7. HP: 10/60 MP: 6/6
  4494 | D:5      | HP: 3/60 [something (7)]
  4989 | D:6      | Reached skill level 5 in Fighting
  5093 | D:6      | Noticed Eustachio
  5225 | D:6      | Identified a scroll of acquirement
  5225 | D:6      | Acquired the +1 hat "Feaf" {rElec rPois Will+ Str-2}
  5288 | D:6      | Killed Eustachio
  5630 | D:6      | Reached XP level 8. HP: 42/69 MP: 7/7
  5833 | D:6      | Reached skill level 5 in Shields
  6414 | D:5      | Found a staircase to the Ecumenical Temple.
  6439 | Temple   | Entered the Ecumenical Temple
  6556 | Temple   | Became a worshipper of Warmaster Okawaru
  7723 | D:7      | Found Umiav's Distillery.
  7740 | D:7      | Found Nitaxac's Weapon Shoppe.
  7752 | D:7      | Reached * piety under Okawaru
  7849 | D:7      | Found Aghiph's Antique Armour Shoppe.
  7858 | D:7      | Mangled by an ogre

Illustrated notes

Levels and vault maps discovered:
D:1:      psy_arrival_fountain, layout_basic,
          shapermc_ecumenical_altar_mp_ritualfount
D:2:      minmay_general_purpose_star, layout_basic, serial_shops,
          nicolae_lakefront_shop
D:3:      layout_basic, mainiacjoe_overflow_catwalk,
          mainiacjoe_overflow_alcove_2, due_unseen_surprise
D:4:      cheibrodos_old_hovel, layout_rooms
D:5:      layout_basic, slow_altar_2, minmay_temple_entry_arrows,
          nicolae_sextant, patterned_corridor
D:6:      layout_layer_cave, minmay_hedge_maze, uniq_eustachio
D:7:      layout_basic, serial_shops, nicolae_stop_n_shop_1,
          nicolae_shop_crystal, shop, kennysheep_mini_moat, shop,
          minmay_hollow_rounded_squares
Temple:   regret_index_temple_generic_petals

Skill      XL: |  1  2  3  4  5  6  7  8 |
---------------+-------------------------+-----
Armour         | 4 5 6 8 |  8.2
Shields        | 4 5 |  5.3
Fighting       | 4 5 6 |  6.3
Axes           | 3 4 5 7 8 |  8.8
Dodging        | 1 2 3 |  3.0
Stealth        | 1 |  1.6

Action                   |  1- 3 |  4- 6 |  7- 9 || total
-------------------------+-------+-------+-------++-------
Melee: War axe           |    98 |    76 |   123 ||   297
       Headbutt          |     8 |     6 |    20 ||    34
  Use: Potion            |       |     1 |     2 ||     3
       Scroll            |       |       |     8 ||     8
Armor: Scale mail        |    58 |    22 |    30 ||   110
       Chain mail        |       |       |    28 ||    28
Dodge: Dodged            |    37 |    46 |    58 ||   141
Block: Buckler           |    23 |    28 |    32 ||    83
